 Dungeon Crawl Stone Soup version 0.14.1-1-g650416f (webtiles) character file.

1898 RepoMan the Slasher (level 9, -4/69 HPs)
             Began as a Formicid Fighter on May 2, 2014.
             Was an Initiate of Cheibriados.
             Slain by a troll (10 damage)
             ... on Level 6 of the Dungeon on May 6, 2014.
             The game lasted 00:50:01 (5458 turns).

RepoMan the Slasher (Formicid Fighter)              Turns: 5458, Time: 00:50:01

HP  -4/69        AC 10     Str 23      XL: 9   Next: 15%
MP  15/15        EV  8     Int  9      God: Cheibriados [......]
Gold 302         SH 22     Dex 12 (13) Spells:  0 memorised,  8 levels left

rFire  . . .     SeeInvis +     w - +0 blowgun
rCold  . . .     Clarity  .     A - +0 scale mail (curse)
rNeg   . . .     Conserve .     c - +0 shield
rPois  .         rCorr    .     (helmet unavailable)
rElec  .         rRot     .     (no cloak)
SustAb . .       Spirit   .     L - +1 pair of gloves
rMut   .         Warding  .     (no boots)
Saprov . . .     Stasis   +     (no amulet)
MR     .....                    (no ring)
                                (no ring)

@: very slow, not resistant to hostile enchantments, extremely unstealthy
A: permanent stasis, dig shafts and tunnels, four strong arms, antennae 3
a: Dig, Shaft Self, Bend Time, Renounce Religion


You were on level 6 of the Dungeon.
You worshipped Cheibriados.
Cheibriados was noncommittal.
You were not hungry.

You visited 2 branches of the dungeon, and saw 7 of its levels.

You collected 302 gold pieces.

Inventory:

Hand weapons
 a - a +0,+0 long sword
 w - a +0 blowgun (weapon)
 M - the +7,+3 whip of Sin {venom, rN+}
   (You found it on level 5 of the Dungeon)

   It poisons the flesh of those it strikes.
   It protects you from negative energy.
Missiles
 x - 27 poisoned needles (quivered)
Armour
 b - a +0 scale mail
 c - a +0 shield (worn)
 i - a +1 scale mail
 A - a cursed +0 scale mail (worn)
 D - a +0 cloak
 G - a +0 cloak
 H - a +0 scale mail
 L - a +1 pair of gloves (worn)
 R - a +0 scale mail
Magical devices
 e - a wand of frost (6)
 n - a wand of enslavement (1)
 p - a wand of digging (4)
Comestibles
 d - 5 bread rations
 q - a meat ration
 v - 2 chokos
 I - an apple
 K - a royal jelly
 S - a banana
 X - a chunk of giant newt flesh
Scrolls
 h - 2 scrolls of teleportation {unknown}
 k - a scroll of magic mapping {unknown}
 l - 4 scrolls of identify {unknown}
 s - 3 scrolls of recharging {unknown}
 y - 2 scrolls of remove curse {unknown}
 C - a scroll of amnesia {unknown}
 J - a scroll of enchant armour {unknown}
 N - 2 scrolls of random uselessness {unknown}
 T - a scroll of fog {unknown}
Jewellery
 W - an uncursed ring of protection from cold {unknown}
Potions
 f - 3 potions of confusion {unknown}
 g - 3 potions of haste {unknown}
 j - a potion of poison {unknown}
 m - a potion of degeneration {unknown}
 o - 4 potions of heal wounds {unknown}
 r - 4 potions of curing {unknown}
 t - a potion of mutation {unknown}
 u - a potion of invisibility {unknown}
 z - 3 potions of berserk rage {unknown}
 B - 2 potions of restore abilities {unknown}
 E - a potion of lignification {unknown}
 P - 2 potions of brilliance {unknown}
 Q - a potion of magic {unknown}
 V - 2 potions of might
Books
 O - a book of Burglary

   Spells                             Type                      Level
   Apportation                        Translocation                1
   Swiftness                          Charms/Air                   2
   Passwall                           Transmutation/Earth          3
   Passage of Golubria                Translocation                4
   Lee's Rapid Deconstruction         Earth                        5
   Darkness                           Hexes                        7


   Skills:
 + Level 6.2 Fighting
 * Level 6.8 Long Blades
 + Level 6.5 Armour
 + Level 6.6 Shields
 + Level 2.2 Invocations


You had 8 spell levels left.
You didn't know any spells.

Dungeon Overview and Level Annotations

Branches:
Dungeon (6/15)             Temple (1/1) D:5

Altars:
Ashenzari
Cheibriados
Dithmenos
Elyvilon
Fedhas
Kikubaaqudgha
Makhleb
Nemelex Xobeh
Okawaru
Trog
Vehumet
Xom
Yredelemnul
Zin
The Shining One

Shops:
D:6 [


Innate Abilities, Weirdness & Mutations

Your are under a permanent stasis effect.
You can dig through walls and to a lower floor.
Your four strong arms can wield two-handed weapons with a shield.
You have a pair of large antennae on your head (SInv).


Message History

Unknown command.
Firing (i - inventory):
x - 28 poisoned needles (quivered)
Press: ? - help, Shift-Dir - straight line, f/p - troll
Aim: a troll (moderately wounded, poisoned)
You shoot a poisoned needle. The poisoned needle hits the troll.
The troll is moderately wounded.
The troll bites you!
* * * LOW HITPOINT WARNING * * *
You block the troll's attack. The troll claws you!
* * * LOW HITPOINT WARNING * * *
Evoke which item? (* to show all) (? for menu, Esc to quit)
Okay, then.
Unknown command.
Unknown command.
Evoke which item? (* to show all) (? for menu, Esc to quit)
Zapping:
n - a wand of enslavement {zapped: 12}
Press: ? - help, Shift-Dir - straight line, f/p - troll
Aim: a troll (moderately wounded, poisoned)
The troll resists.
The troll bites you but does no damage. The troll claws you!
You die...

###'### #.## #..# ######
##.# ###..... ####'###
#.'.....
#......####.#..... #.
#.[....#....#.....
#...##......'.####.....
#(.T@.....### #.....
####......# ####'#
####'### #.# #>..## #.#
###..# #.# ##.# #.#
#######'## #.#
####+##########/.......#
#.#
#.........#...'........#
#.#


You could see a troll.

Vanquished Creatures
  A hill giant skeleton (D:6)
  A sky beast (D:5)
  A black bear (D:6)
  3 centaurs
  4 ogres
  Duvessa (D:4)
  A giant frog (D:6)
  A jelly (D:6)
  A crimson imp (D:5)
  A hippogriff skeleton (D:5)
  A goliath beetle (D:6)
  Dowan (D:4)
  A quasit (D:6)
  A hound (D:5)
  An orc priest (D:3)
  Crazy Yiuf (D:3)
  A big fish (D:5)
  A worker ant (D:4)
  An orc wizard (D:3)
  Jessica (D:3)
  A hound skeleton (D:5)
  Terence (D:3)
  A worker ant zombie (D:5)
  An orc zombie (D:5)
  7 adders
  A giant mite (D:2)
  2 shadow imps
  2 worms
  A giant eyeball (D:4)
  An ooze (D:2)
  16 orcs
  8 bats
  4 giant cockroaches
  10 goblins
  7 hobgoblins
  10 jackals
  9 kobolds
  2 quokkas (D:3)
  4 giant geckos
  6 giant newts
  A giant newt zombie (D:5)
  A kobold skeleton (D:4)
  17 rats
138 creatures vanquished.

Vanquished Creatures (collateral kills)
  A giant gecko (D:3)
  2 orcs (D:3)
3 creatures vanquished.

Vanquished Creatures (others)
  A rat (D:5)
1 creature vanquished.

Grand Total: 142 creatures vanquished

Notes
Turn   | Place    | Note
--------------------------------------------------------------
     0 | D:1      | RepoMan, the Formicid Fighter, began the quest for the Orb.
     0 | D:1      | Reached XP level 1. HP: 18/18 MP: 1/1
    74 | D:1      | Reached XP level 2. HP: 24/24 MP: 3/3
   718 | D:2      | Reached skill level 4 in Shields
   718 | D:2      | Reached XP level 3. HP: 29/29 MP: 4/4
   919 | D:2      | Reached XP level 4. HP: 34/36 MP: 5/5
  1804 | D:3      | Reached XP level 5. HP: 38/42 MP: 7/7
  2045 | D:3      | Noticed Jessica
  2056 | D:3      | Killed Jessica
  2209 | D:3      | Noticed Crazy Yiuf
  2250 | D:3      | Killed Crazy Yiuf
  2250 | D:3      | Reached XP level 6. HP: 21/48 MP: 8/8
  2487 | D:3      | Noticed Terence
  2498 | D:3      | Killed Terence
  2512 | D:3      | Found an iron altar of Okawaru.
  2539 | D:3      | Found an ancient bone altar of Kikubaaqudgha.
  3169 | D:4      | Noticed Duvessa
  3172 | D:4      | Noticed Dowan
  3196 | D:4      | Duvessa (ally) was killed
  3196 | D:4      | Your ally died
  3206 | D:4      | Killed Dowan
  3672 | D:4      | Reached skill level 5 in Armour
  3672 | D:4      | Reached skill level 5 in Shields
  3672 | D:4      | Reached XP level 7. HP: 38/55 MP: 9/9
  3901 | D:5      | Entered Level 5 of the Dungeon
  4077 | D:5      | Got a bloodstained whip
  4147 | D:5      | Reached skill level 5 in Fighting
  4147 | D:5      | Reached skill level 5 in Long Blades
  4218 | D:5      | Found a staircase to the Ecumenical Temple.
  4269 | D:5      | Reached XP level 8. HP: 49/62 MP: 11/11
  4278 | Temple   | Entered the Ecumenical Temple
  4524 | D:5      | Found a snail-covered altar of Cheibriados.
  4524 | D:5      | Found a white marble altar of Elyvilon.
  4556 | D:5      | Found a bloodstained altar of Trog.
  4558 | D:5      | Found a radiant altar of Vehumet.
  4563 | D:5      | Became a worshipper of Cheibriados the Contemplative
  4575 | D:5      | Reached skill level 6 in Shields
  4595 | D:5      | Found a shattered altar of Ashenzari.
  4600 | D:5      | Found a shimmering altar of Xom.
  4824 | D:5      | Identified the +7,+3 whip of Sin {venom, rN+} (You found it on level 5 of the Dungeon)
  4952 | D:6      | Reached skill level 1 in Invocations
  5178 | D:6      | Reached XP level 9. HP: 59/69 MP: 12/14
  5317 | D:6      | Found Kimnim's Antique Armour Boutique.
  5441 | D:6      | Noticed a troll
  5458 | D:6      | Slain by a troll

Action                   |  1- 3 |  4- 6 |  7- 9 || total
-------------------------+-------+-------+-------++-------
Melee: Long sword        |    67 |   267 |   256 ||   590
 Fire: Blowgun           |       |       |    21 ||    21
 Abil: Dig               |     3 |     4 |     2 ||     9
Evoke: Wand              |       |    12 |     2 ||    14
  Use: Scroll            |       |       |     1 ||     1
